 Dungeon Crawl Stone Soup version 0.26-b1-32-g5d43845318 (webtiles) character file.

Game seed: 6528227247452818822

344 Borgoz the Skirmisher (level 6, -1/52 HPs)
             Began as a Ghoul Gladiator on Jan 13, 2021.
             Slain by Edmund
             ... wielding a +2 flail of holy wrath
              (4 damage)
             ... on level 3 of the Dungeon.
             The game lasted 00:05:36 (2862 turns).

Borgoz the Skirmisher (Ghoul Gladiator)             Turns: 2862, Time: 00:05:37

Health: -1/52      AC:  5    Str: 19    XL:     6   Next: 58%
Magic:  5/5        EV: 13    Int:  3    God:
Gold:   187        SH:  0    Dex: 11    Spells: 5/5 levels left

rFire    . . .     SeeInvis .   a - +0 flail
rCold    + . .     Faith    .   (no shield)
rNeg     + + +     Spirit   .   b - +0 leather armour
rPois    ∞         Reflect  .   c - +1 helmet
rElec    .         Harm     .   (no cloak)
rCorr    .         Rampage  .   (no gloves)
Will     .....                  (no boots)
Stlth    +.........             e - amulet of the acrobat
HPRegen  0.00/turn              (no ring)
MPRegen  0.09/turn              (no ring)

@: no status effects
A: claws 1, cold resistance 1, negative energy resistance 3, inhibited
regeneration, torment resistance, unbreathing
a: no special abilities


You were on level 3 of the Dungeon.
You visited 1 branch of the dungeon, and saw 4 of its levels.

You collected 187 gold pieces.

Inventory:

Hand Weapons
 a - a +0 flail (weapon)
Armour
 b - a +0 leather armour (worn)
 c - a +1 helmet (worn)
Jewellery
 e - an amulet of the acrobat (around neck)
Scrolls
 h - a scroll of teleportation
 n - a scroll of fear
Potions
 g - a potion of cancellation
 i - a potion of brilliance


   Skills:
 * Level 4.2 Fighting
 * Level 4.1 Maces & Flails
 - Level 1.7 Throwing
 + Level 1.9 Armour
 * Level 4.1 Dodging


You had 5 spell levels left.
You didn't know any spells.
Your spell library was empty.

Dungeon Overview and Level Annotations

Branches:
Dungeon (4/15)
 Temple: D:4-7

Altars:

Annotations:
D:3 Edmund


Innate Abilities, Weirdness & Mutations

You thrive by killing the living.
You are immune to poison.
You have sharp fingernails.
Your flesh is cold resistant. (rC+)
You are immune to negative energy. (rN+++)
You do not regenerate when monsters are visible.
You are immune to unholy pain and torment.
You can survive without breathing.


Message History

Edmund is heavily wounded.
Edmund struggles against the net.
You barely miss Edmund.
Edmund is heavily wounded.
Edmund struggles against the net.
You hit Edmund but do no damage.
Edmund is heavily wounded.
Edmund struggles against the net.
The net rips apart, and Edmund comes free!
Edmund barely misses you.
You sock Edmund!
Edmund is severely wounded.
Edmund hits you but does no damage.
You hit Edmund.
Edmund is almost dead.
Edmund closely misses you.
You hit Edmund.
Edmund is almost dead.
Edmund hits you with a +2 flail of holy wrath.
You die...

#...............##.....#....
#...............##..#...^###
#...........................
#....<..........####..######
#...............####..# #
#######.................##.#
......!.................#..# #
........#####.......[.)....######
...............@@##..#.###.......
........#####>...##..#.......#...
#####..## ###...#............#.
##..# ##.>........##..##. ##.#
##..................
#.######............#......
#.#...................#....
#...................#......
#############.............##...


You could see Edmund.

Vanquished Creatures
  Grinder (D:3)
  Jessica (D:3)
  6 adders
  An ooze (D:3)
  3 worms
  2 dart slugs
  2 leopard geckos
  7 giant cockroaches
  6 hobgoblins
  2 quokkas
  2 ball pythons
  5 bats
  3 frilled lizards (D:2)
  5 goblins
  3 kobolds
  8 rats
57 creatures vanquished.

Vanquished Creatures (others)
  A plant (D:1)
1 creature vanquished.

Grand Total: 58 creatures vanquished

Notes
Turn   | Place    | Note
-------+----------+-------------------------------------------
     0 | D:1      | Borgoz the Ghoul Gladiator began the quest for the Orb.
     0 | D:1      | Reached XP level 1. HP: 17/17 MP: 0/0
   306 | D:1      | Reached XP level 2. HP: 25/25 MP: 1/1
   752 | D:2      | Reached XP level 3. HP: 21/30 MP: 2/2
  1458 | D:3      | Reached XP level 4. HP: 37/38 MP: 3/3
  1555 | D:3      | Reached skill level 1 in Armour
  1591 | D:3      | Noticed Grinder
  1592 | D:3      | Noticed Jessica
  1599 | D:3      | Paralysed by something for 3 turns
  1603 | D:3      | Killed Jessica
  1603 | D:3      | Paralysed by something for 6 turns
  1618 | D:3      | Paralysed by something for 4 turns
  1649 | D:3      | Paralysed by Grinder for 5 turns
  1659 | D:3      | Paralysed by Grinder for 3 turns
  1667 | D:3      | Paralysed by Grinder for 4 turns
  1676 | D:3      | Paralysed by Grinder for 2 turns
  1682 | D:3      | Killed Grinder
  1683 | D:3      | Reached XP level 5. HP: 16/46 MP: 4/4
  1683 | D:3      | Reached XP level 6. HP: 18/52 MP: 5/5
  2808 | D:4      | Noticed Edmund
  2862 | D:3      | Slain by Edmund

Illustrated notes

Levels and vault maps discovered:
D:1:      evilmike_arrival_rings, layout_rooms, serial_bayou_pond_c
D:2:      layout_basic
D:3:      layout_rooms, uniq_jessica, uniq_grinder
D:4:      layout_rooms, nicolae_overflow_crystal_walls, uniq_edmund, uniq_pikel

Skill      XL: |  1  2  3  4 |
---------------+-------------+-----
Dodging        | 3 4 |  4.1
Maces & Flails | 3 4 |  4.1
Fighting       | 3 4 |  4.2
Armour         | 1 |  1.9
Throwing       | |  1.7

Action                   |  1- 3 |  4- 6 || total
-------------------------+-------+-------++-------
Melee: Flail             |   124 |   117 ||   241
Throw: Throwing net      |       |     4 ||     4
  Use: Scroll            |     2 |     4 ||     6
       Potion            |       |     6 ||     6
 Stab: Held in net/web   |       |     1 ||     1
       Invisible         |       |     2 ||     2
Armor: Leather armour    |    50 |    24 ||    74
Dodge: Dodged            |    78 |   114 ||   192
